 Dungeon Crawl Stone Soup version 0.27-a0-343-gfcad680f63 (webtiles) character file.

Game seed: 887589371994172254

25 Armakuni the Chiller (level 2, -1/20 HPs)
             Began as a Demigod Wanderer on Feb 14, 2021.
             Slain by a crimson imp (2 damage)
             ... summoned by Natasha
             ... on level 2 of the Dungeon.
             The game lasted 00:03:02 (1152 turns).

Armakuni the Chiller (Demigod Wanderer)             Turns: 1152, Time: 00:03:02

Health: -1/20      AC:  6    Str: 11    XL:     2   Next: 66%
Magic:  1/7        EV: 11    Int: 17    God:
Gold:   110        SH:  0    Dex: 12    Spells: 3/4 levels left

rFire    . . .     SeeInvis .   a - +0 dagger
rCold    . . .     Faith    .   (no shield)
rNeg     . . .     Spirit   .   d - +0 robe
rPois    .         Reflect  .   (no helmet)
rElec    .         Harm     .   (no cloak)
rCorr    .         Rampage  .   (no gloves)
Will     .....                  (no boots)
Stlth    +.........             (no amulet)
HPRegen  0.06/turn              P - +4 ring of protection
MPRegen  0.10/turn              (no ring)

@: very slightly contaminated, slowed, very slow
A: high mp 1
a: no special abilities


You were on level 2 of the Dungeon.
You visited 1 branch of the dungeon, and saw 2 of its levels.

You collected 110 gold pieces.

Inventory:

Hand Weapons
 a - a +0 dagger (weapon)
Armour
 d - a +0 robe (worn)
Jewellery
 P - a +4 ring of protection (left hand)
Scrolls
 b - a scroll of amnesia
 c - a scroll of identify
 e - a scroll of random uselessness


   Skills:
 - Level 1.7 Shields
 - Level 1.7 Spellcasting
 - Level 1.0 Translocations
 + Level 3.7 Ice Magic
 - Level 1.7 Air Magic


You had 3 spell levels left.
You knew the following spells:

 Your Spells              Type           Power        Failure   Level
z - Freeze                Ice            56%          4%          1

Your spell library contained the following spells:

 Spells                   Type           Power        Failure   Level
 Frozen Ramparts          Ice            28%          13%         3
 Ozocubu's Armour         Ice            14%          13%         3
 Swiftness                Air            7%           14%         2
 Sandblast                Erth           2%           21%         1
 Corpse Rot               Necr/Air       N/A          22%         2
 Stone Arrow              Conj/Erth      2%           52%         3
 Hailstorm                Conj/Ice       7%           67%         4
 Summon Ice Beast         Ice/Summ       7%           67%         4


Dungeon Overview and Level Annotations

Branches:
Dungeon (2/15)

Annotations:
D:2 Natasha


Innate Abilities, Weirdness & Mutations

You have an increased reservoir of magic. (+10% MP)


Message History

The crimson imp barely misses you.
Casting: Freeze (safe; 4% risk of failure)
Confirm with . or Enter, or press ? or * to list all spells.
Aiming: Freeze (safe; 4% risk of failure)
Press: ? - help, Shift-Dir - straight line, f/p - Natasha
Aim: Natasha You freeze Natasha.
Natasha is lightly wounded.
Natasha casts a spell.
The crimson imp hits you. Natasha claws you.
Casting: Freeze (safe; 4% risk of failure)
Confirm with . or Enter, or press ? or * to list all spells.
Aiming: Freeze (safe; 4% risk of failure)
Press: ? - help, Shift-Dir - straight line, f/p - Natasha
Aim: Natasha (lightly wounded)
You miscast Freeze.
You are very lightly contaminated with residual magic.
Nothing appears to happen.
The crimson imp hits you but does no damage.
Natasha misses you. The crimson imp misses you. The crimson imp hits you.
Casting: Freeze (safe; 4% risk of failure)
Confirm with . or Enter, or press ? or * to list all spells.
Aiming: Freeze (safe; 4% risk of failure)
Press: ? - help, Shift-Dir - straight line, f/p - Natasha
Aim: Natasha (lightly wounded)
You freeze Natasha.
Natasha is heavily wounded.
Natasha misses you. The crimson imp misses you.
The crimson imp blinks!
Natasha claws you.
The crimson imp hits you but does no damage.
You aren't carrying any potions.
As you read the scroll labelled SIMIOPS VYIMP, it crumbles to dust.
It is a scroll of identify.
e - a scroll of random uselessness The crimson imp blinks!
Natasha stares at you and mumbles some strange words.
The magic dart hits you.
* * * LOW HITPOINT WARNING * * *
The crimson imp hits you.
You die...

# ##...........#.........
..##............#..###...#
#......##....##.#..# ####
........#..#.......#
#..........#..>..###
##.>....##.......#
##........<....##
#..#####.......# #.
#§@..(.... .. #..5h.......
. ..............#
§.!............
.##..##..##..## #.# ##..
.## .. #. # .. ..


You could see Natasha and a crimson imp (summoned).

Vanquished Creatures
  2 dart slugs (D:1)
  A leopard gecko (D:1)
  2 bats (D:1)
  4 giant cockroaches (D:1)
  3 goblins (D:1)
  A hobgoblin (D:1)
  A jackal (D:1)
  4 kobolds (D:1)
  A rat (D:2)
19 creatures vanquished.

Notes
Turn   | Place    | Note
-------+----------+-------------------------------------------
     0 | D:1      | Armakuni the Demigod Wanderer began the quest for the Orb.
     0 | D:1      | Armakuni set off with the following items: a +0 dagger, a
                  | +0 robe; and the following spells available to memorise:
                  | Freeze, Swiftness, Sandblast, Frozen Ramparts, Ozocubu's
                  | Armour, Corpse Rot, Stone Arrow, Hailstorm, Summon Ice
                  | Beast
     0 | D:1      | Reached XP level 1. HP: 14/14 MP: 5/5
     3 | D:1      | Learned a level 1 spell: Freeze
   173 | D:1      | Reached skill level 3 in Ice Magic
   367 | D:1      | Reached XP level 2. HP: 20/20 MP: 5/7
  1142 | D:2      | Noticed Natasha
  1152 | D:2      | HP: 1/20 [Natasha/magic dart (6)]
  1152 | D:2      | Slain by a crimson imp

Illustrated notes

Levels and vault maps discovered:
D:1:      shiori_arrival_elements, layout_loops_ring, minmay_tromino_v4_a
D:2:      layout_rooms, okawaru_ov_weapons_minmay, lemuel_blue_sif_altar,
          riverfiend_overflow_shadow_ancestor, palyth_stone_intersect,
          uniq_natasha, uniq_sigmund

Skill      XL: |  1 |
---------------+----+-----
Ice Magic      | 3 |  3.7
Shields        | |  1.7
Spellcasting   | |  1.7
Translocations | |  1.0
Air Magic      | |  1.7

Action                   || total
-------------------------++-------
Melee: Dagger            ||     9
 Cast: Freeze            ||    34
  Use: Scroll            ||     2
Armor: Robe              ||     7
Dodge: Dodged            ||    29

Table legend: (Time is in decaauts)
 A = Elapsed time spent in this place.
 B = Non-inter-level travel time spent in this place.
 C = Inter-level travel time spent in this place.
 D = Time resting spent in this place.
 E = Time spent auto-exploring this place.
 F = Levels seen in this place.
 G = Mean time per level.
                   A        B        C        D        E       F      G
               +--------+--------+--------+--------+--------+-----+--------+
         Total |   1153 |   1112 |     41 |    193 |    775 |   2 |  576.5 |
       Dungeon |   1153 |   1112 |     41 |    193 |    775 |   2 |  576.5 |
               +--------+--------+--------+--------+--------+-----+--------+

Top non-repeatable levels by time:
     D:1: 1120 daAuts
     D:2: 33 daAuts
